Map: Ephemeron LE

Players

xzjxxbtx - Winner!

  • Race: Terran Terran
  • League: Platinum
  • Spawn Location: 5:00

pHARM

  • Race: Zerg Zerg
  • League: Platinum
  • Spawn Location: 11:00

VOD

Have the link to the VOD?

Description

Time

  • Played on: Sept. 14, 2019, 4:51 p.m.
  • Length: 12:23
Show
View Real Time Build Order
Export as new Build Order

xzjxxbtx Terran - Winner!

Build Orders: Command Center First (CC) 

Get SALT Encoding   

  12  0:01  SCV  
  13  0:13  SCV  
  14  0:18  Supply Depot  
  14  0:25  SCV  
  15  0:39  SCV  
  16  0:51  SCV  
  17  1:03  SCV  
  18  1:05  Command Center  
  18  1:15  SCV  
  19  1:21  Barracks  
  19  1:28  SCV  
  20  1:32  Refinery  
  20  1:40  SCV  
  20  1:45  Barracks  
  21  1:52  SCV  
  22  2:03  Refinery  
  22  2:06  SCV  
  23  2:16  Marine  
  23  2:20  Orbital Command  
  23  2:22  Supply Depot  
  24  2:28  Orbital Command  
  24  2:35  Barracks Reactor  
  24  2:37  Barracks Tech Lab  
  24  2:48  SCV  
  25  2:54  SCV  
  25  2:56  Factory  
  26  2:59  Marine  
  25  3:17  Marine x2  
  25  3:18  Marine  
  25  3:19  SCV  
  28  3:21  Stimpack  
  28  3:29  Supply Depot  
  28  3:39  Marine  
  31  3:46  Starport  
  29  3:52  Hellion x2  
  29  3:54  Barracks Reactor  
  33  3:56  SCV x2, Supply Depot  
  33  3:59  Armory  
  33  4:02  Marine  
  35  4:08  SCV x2  
  38  4:17  Hellion x2  
  38  4:20  SCV x2  
  38  4:22  Supply Depot  
  44  4:25  Marine  
  44  4:27  Medivac  
  47  4:32  SCV  
  47  4:33  SCV  
  47  4:35  Marine  
  47  4:36  Marine  
  51  4:47  Supply Depot  
  51  5:03  SCV x2  
  51  5:05  Starport Reactor  
  53  5:11  Barracks x2  
  53  5:13  Marine x2, Barracks  
  53  5:14  Marine  
  56  5:16  Widow Mine x2  
  56  5:19  SCV  
  61  5:21  SCV  
  54  5:44  Marine x3  
  54  5:45  Medivac, Widow Mine x2  
  54  5:46  Medivac  
  64  6:04  Refinery  
  64  6:06  Refinery  
  64  6:07  Engineering Bay  
  64  6:08  Barracks Reactor  
  64  6:09  Barracks Reactor, Barracks Tech Lab  
  64  6:10  Engineering Bay  
  64  6:12  Marine x2  
  64  6:14  Marine, Widow Mine x2  
  64  6:17  SCV x2  
  73  6:22  Supply Depot  
  73  6:27  Supply Depot  
  73  6:29  SCV x2  
  75  6:37  Marine x2  
  78  6:44  Marauder x2  
  78  6:45  Widow Mine x2  
  85  6:49  Medivac  
  87  6:54  Terran Infantry Weapons Level 1  
  87  6:55  Terran Infantry Armor Level 1  
  87  7:06  Marine x2  
  87  7:07  Marine x5  
  94  7:24  Widow Mine  
  74  7:32  Marine x6  
  74  7:33  Marine x2  
  74  7:34  Medivac x2  
  86  7:49  Marine, Widow Mine x2  
  91  7:53  Combat Shield  
  91  7:54  Marine x3  
  83  8:10  Supply Depot x2  
  83  8:11  Supply Depot  
  83  8:23  Supply Depot  
  83  8:26  Supply Depot  
  83  8:32  Marine x7, Medivac  
  83  8:33  Widow Mine  
  94  8:45  Marine, Widow Mine  
  97  8:49  Marine x2  
  97  8:55  Marine x4  
  87  8:56  Marine  
  87  8:57  Widow Mine  
  92  9:37  Marine x6  
  102  9:38  Marauder x2  
  102  9:39  Medivac x2, Widow Mine x2  
  90  10:30  Marine  
  90  10:31  Marine x7  
  90  10:33  Medivac x2, Widow Mine x2  
  99  10:48  Marine  
  88  11:01  Marine x3  
  88  11:02  Marine x3  
  88  11:03  Marauder, Widow Mine x2  
  100  11:15  Marine  
  101  11:19  Marine  
  101  11:20  Marauder  
  96  11:41  Marine x3  
  96  11:42  Marine  
  89  11:49  Marine x4  
  89  11:51  Widow Mine x2  
  98  11:59  Marine  
  98  12:01  Marine x3  
Show
View Real Time Build Order
Export as new Build Order

pHARM Zerg 

Build Orders: Hatch First 

Get SALT Encoding   

  12  0:01  Drone  
  13  0:14  Overlord  
  13  0:19  Drone  
  14  0:32  Drone  
  14  0:33  Drone  
  16  0:52  Hatchery  
  16  0:56  Drone  
  16  0:57  Drone  
  16  1:03  Drone  
  18  1:18  Spawning Pool  
  17  1:19  Drone  
  17  1:25  Drone  
  19  1:36  Drone  
  20  1:44  Extractor  
  19  1:49  Drone  
  20  1:59  Drone  
  21  2:08  Queen x2  
  21  2:10  Zergling x4  
  27  2:16  Drone  
  27  2:19  Overlord  
  28  2:46  Drone x5  
  28  2:49  Pneumatized Carapace  
  28  2:51  Queen  
  33  2:53  Drone  
  35  3:17  Drone x2  
  36  3:20  Overlord x2  
  36  3:35  Metabolic Boost  
  36  3:42  Baneling Nest  
  36  3:44  Drone  
  36  3:45  Drone x7  
  43  3:54  Hatchery  
  42  4:08  Evolution Chamber  
  42  4:09  Extractor, Drone x7  
  47  4:10  Extractor, Evolution Chamber  
  45  4:21  Lair  
  45  4:43  Zergling x6  
  45  4:44  Zergling x8  
  52  4:47  Overlord x2  
  52  5:17  Baneling x11  
  52  5:18  Zergling x14  
  59  5:24  Zergling x2  
  59  5:25  Zergling x2  
  57  6:03  Zerg Melee Weapons Level 1  
  57  6:04  Zerg Ground Armor Level 1  
  57  6:21  Hatchery  
  56  6:33  Drone x3  
  59  6:50  Centrifical Hooks  
  59  6:53  Zergling x8  
  59  6:54  Zergling x8  
  67  6:57  Extractor  
  67  7:00  Hydralisk Den  
  65  7:03  Baneling x19  
  65  7:04  Baneling  
  65  7:05  Zergling x4  
  55  7:50  Zergling x2  
  55  7:51  Zergling x16, Hatchery  
  57  8:27  Baneling x9  
  57  8:28  Hydralisk x5  
  67  8:54  Zergling x2  
  67  8:55  Zergling x12  
  59  9:03  Zergling x2  
  54  9:10  Zergling x2  
  54  9:11  Queen x2  
  48  9:24  Baneling x2  
  48  9:25  Zergling x2  
  48  9:26  Zergling x4  
  51  9:51  Hatchery  
  50  9:54  Baneling x8  
  50  9:57  Infestation Pit  
  50  9:58  Overseer  
  48  10:05  Zergling x18  
  57  10:20  Zergling x4  
  54  10:26  Baneling x18  
  54  10:27  Hydralisk  
  56  10:35  Hive  
  48  11:06  Zergling x2  
  48  11:07  Zergling x16  
  57  11:18  Hatchery  
  56  11:19  Zergling x4  
  58  11:27  Baneling  
  58  11:28  Zergling x2, Baneling x17  
  59  11:39  Zergling x2  
  46  11:48  Zergling x2  
  46  11:49  Zergling x2  
  46  11:53  Zergling x6  
  49  11:55  Zergling x2  
  49  11:56  Zergling x2, Baneling  
  49  11:57  Baneling  
Tags
 
Add a new tag
Caveats
  • Supply blocks, unpowered buildings, or Contaminate may cause inaccurate times.
  • Supply counts are checked every 10 seconds.